Map: Odyssey LE

Players

xKyouma

  • Race: Terran Terran
  • League: Diamond
  • Spawn Location: 11:00

FLORENCIO - Winner!

  • Race: Protoss Protoss
  • League: Diamond
  • Spawn Location: 5:00

VOD

Have the link to the VOD?

Description

Time

  • Played on: May 9, 2017, 8:28 p.m.
  • Length: 18:45
Show
View Real Time Build Order
Export as new Build Order

xKyouma Terran 

Build Orders:  

Get SALT Encoding   

  12  0:01  SCV  
  13  0:13  SCV  
  14  0:17  Supply Depot  
  14  0:25  SCV  
  15  0:29  Refinery  
  15  0:41  Barracks  
  15  0:45  SCV  
  16  0:57  SCV  
  17  1:09  SCV  
  18  1:21  SCV  
  19  1:29  Reaper  
  20  1:33  SCV  
  21  1:45  SCV  
  22  1:57  SCV  
  22  1:58  Factory  
  23  2:13  Supply Depot  
  23  2:19  Orbital Command  
  23  2:23  Refinery  
  23  2:25  Barracks Reactor  
  23  2:52  Starport  
  23  2:58  SCV  
  24  3:11  SCV  
  28  3:13  Widow Mine  
  28  3:14  Widow Mine  
  28  3:16  Barracks Tech Lab  
  28  3:19  Command Center  
  28  3:27  SCV  
  28  3:30  Medivac  
  28  3:33  Supply Depot  
  31  3:38  Supply Depot  
  31  3:52  Widow Mine x2  
  31  3:53  SCV, Marine  
  37  3:57  Supply Depot  
  37  4:08  Viking  
  38  4:14  SCV  
  39  4:28  Marine  
  39  4:29  Stimpack, Widow Mine x2  
  44  4:35  Liberator  
  44  4:37  Barracks  
  44  4:42  Barracks  
  47  4:55  Marine  
  48  5:04  Orbital Command  
  48  5:10  SCV  
  49  5:16  Marine  
  44  5:26  Barracks Reactor  
  46  5:29  Cyclone  
  46  5:31  Cyclone  
  50  5:40  SCV x2  
  52  5:44  Barracks Reactor  
  52  5:57  SCV x2  
  54  5:59  Starport Reactor  
  54  6:01  Marine  
  55  6:04  Barracks  
  55  6:14  Marine x2  
  55  6:18  SCV x2  
  59  6:19  Marine  
  59  6:23  Marine x2  
  65  6:32  Marine  
  66  6:33  Marine  
  66  6:36  Marine, Viking x2  
  72  6:45  Marine x2  
  69  6:50  Marine  
  61  7:02  Marine x3  
  61  7:03  Marine x2  
  61  7:15  Marine  
  56  7:16  Viking x2  
  56  7:20  Marine x3  
  60  7:29  Marine x2  
  62  7:32  SCV x2, Marine  
  65  7:38  Marine x2  
  68  7:46  Marine, Viking x2  
  68  7:47  Barracks Reactor, Marine  
  68  7:48  Barracks  
  68  7:50  Marine  
  74  7:54  SCV x2  
  74  7:56  Marine  
  74  7:57  Marine  
  76  8:04  Marine x2  
  76  8:08  Marine  
  77  8:13  Marine  
  77  8:15  Marine  
  70  8:22  Marine x2  
  70  8:23  Viking x2  
  70  8:26  Marine  
  75  8:31  Marine  
  70  8:44  Marine x3  
  71  8:53  Viking x2  
  71  8:55  Marine x4  
  72  8:59  Marine  
  72  9:01  Marine  
  72  9:02  Cyclone, Marine  
  78  9:07  Cyclone, SCV x2, Marine  
  78  9:08  Supply Depot  
  78  9:09  Supply Depot  
  84  9:11  Supply Depot  
  84  9:13  Marine x3, Barracks x3  
  87  9:17  Marine  
  87  9:19  Barracks Reactor, Marine  
  89  9:25  Marine x2  
  89  9:26  Viking  
  93  9:33  Viking  
  93  9:34  Marine  
  93  9:35  Marine  
  97  9:41  Marine x3  
  100  9:46  Marine x2  
  100  9:50  Supply Depot  
  100  9:52  Marine  
  103  9:53  Marine  
  103  9:58  Marine  
  82  10:27  Marine  
  82  10:28  Marine x6  
  81  10:29  Marine x4, Viking  
  81  10:30  Viking  
  91  10:36  Marine  
  91  10:41  Cyclone x2  
  98  10:45  Marine x2  
  98  10:46  Marine  
  99  10:57  Marine x3  
  99  10:58  Marine  
  99  11:00  Barracks Reactor  
  99  11:02  Barracks Reactor  
  99  11:03  Marine x5  
  108  11:04  Barracks Reactor  
  108  11:15  Marine x2  
  108  11:16  Marine x2  
  111  11:21  Marine x5  
  101  11:33  Marine x2  
  101  11:34  Marine x2  
  101  11:38  Marine  
  106  11:45  Marine, Viking x2  
  106  11:46  Marine x2  
  113  11:48  Marine  
  113  11:54  Marine x3  
  98  12:12  Marine x7  
  98  12:13  Marine  
  98  12:18  Viking  
  100  12:25  Orbital Command  
  100  12:30  Marine  
  100  12:31  Marine  
  100  12:34  Viking  
  104  12:42  Marine  
  104  12:43  Marine x3  
  105  13:05  Marine, Viking x2  
  109  13:06  Marine x5  
  109  13:12  Refinery  
  115  13:13  Refinery  
  115  13:15  Refinery  
  115  13:17  Refinery  
  115  13:33  Marine x11  
  126  13:42  Supply Depot  
  126  13:44  Supply Depot  
  126  13:47  Marine  
  126  13:49  Marine x3  
  114  14:15  SCV x2  
  116  14:27  SCV x2  
  118  14:39  SCV x2  
  118  14:45  Marine x3  
  121  14:46  Marine  
  121  14:51  SCV  
  117  15:05  Marine  
  117  15:06  Marine x10  
  128  15:25  Marine  
  110  15:42  Viking x2  
  97  15:44  Marine x3  
  97  15:48  Orbital Command  
  96  16:12  Viking  
Show
View Real Time Build Order
Export as new Build Order

FLORENCIO Protoss - Winner!

Build Orders: Carrier Rush 

Get SALT Encoding   

  12  0:00  Probe (Chrono Boost)  
  13  0:11  Probe (Chrono Boost)  
  14  0:22  Probe (Chrono Boost)  
  14  0:25  Pylon  
  15  0:43  Probe (Chrono Boost)  
  16  0:53  Assimilator, Gateway  
  16  0:54  Probe (Chrono Boost)  
  17  0:57  Assimilator  
  17  1:05  Pylon  
  17  1:07  Probe (Chrono Boost)  
  18  1:17  Probe (Chrono Boost)  
  19  1:28  Probe (Chrono Boost)  
  19  1:32  Pylon  
  20  1:39  Probe (Chrono Boost)  
  21  1:49  Pylon, Probe (Chrono Boost)  
  22  1:55  Cybernetics Core  
  22  2:00  Pylon, Probe (Chrono Boost)  
  22  2:16  Probe (Chrono Boost)  
  22  2:18  Pylon  
  23  2:29  Pylon  
  23  2:30  Pylon  
  23  2:36  Mothership Core (Chrono Boost)  
  25  2:51  Stargate  
  25  2:54  Stargate  
  25  3:27  Forge  
  25  3:33  Probe (Chrono Boost)  
  26  3:42  Fleet Beacon  
  26  3:50  Pylon  
  26  4:11  Photon Cannon  
  26  4:14  Photon Cannon  
  26  4:18  Photon Cannon  
  26  4:25  Carrier  
  32  4:38  Carrier  
  38  4:53  Pylon  
  38  5:19  Nexus  
  38  5:21  Graviton Catapult  
  38  5:33  Pylon  
  38  5:58  Pylon  
  38  6:01  Carrier  
  44  6:14  Assimilator  
  44  6:18  Assimilator  
  44  6:20  Pylon  
  44  6:32  Pylon  
  44  6:49  Carrier  
  44  6:53  Probe (Chrono Boost)  
  45  7:24  Carrier  
  39  7:35  Probe (Chrono Boost)  
  46  7:45  Probe (Chrono Boost)  
  47  7:56  Probe (Chrono Boost)  
  48  8:06  Probe (Chrono Boost)  
  49  8:15  Photon Cannon  
  49  8:17  Probe (Chrono Boost)  
  49  8:18  Pylon  
  44  8:28  Probe (Chrono Boost)  
  45  8:38  Probe (Chrono Boost)  
  45  8:40  Carrier  
  46  8:45  Carrier  
  52  9:09  Photon Cannon, Probe (Chrono Boost)  
  53  9:18  Photon Cannon  
  53  9:19  Probe (Chrono Boost)  
  54  9:30  Probe (Chrono Boost)  
  61  9:40  Probe (Chrono Boost)  
  62  9:51  Probe (Chrono Boost)  
  63  9:58  Nexus  
  63  10:01  Probe (Chrono Boost)  
  64  10:12  Probe (Chrono Boost)  
  64  10:41  Photon Cannon  
  64  10:44  Photon Cannon  
  64  10:46  Photon Cannon  
  64  10:50  Stargate  
  64  10:55  Stargate  
  65  11:11  Probe (Chrono Boost)  
  65  11:21  Probe (Chrono Boost)  
  67  12:15  Probe (Chrono Boost)  
  67  12:20  Probe (Chrono Boost)  
  67  12:21  Assimilator  
  68  12:23  Assimilator  
  68  12:24  Void Ray x2  
  68  12:26  Fleet Beacon, Probe (Chrono Boost)  
  68  12:28  Probe (Chrono Boost)  
  78  12:30  Probe (Chrono Boost)  
  79  12:39  Probe (Chrono Boost)  
  79  12:40  Pylon  
  79  12:42  Probe (Chrono Boost)  
  81  12:49  Probe (Chrono Boost)  
  82  12:53  Probe (Chrono Boost)  
  83  13:09  Carrier  
  83  13:10  Carrier  
  95  13:16  Probe (Chrono Boost)  
  96  13:37  Nexus  
  96  13:38  Pylon  
  96  13:41  Gateway  
  96  14:16  Probe (Chrono Boost)  
  97  14:19  Photon Cannon  
  97  14:21  Photon Cannon  
  97  14:23  Photon Cannon  
  97  14:24  Photon Cannon  
  97  14:25  Probe (Chrono Boost)  
  97  14:26  Photon Cannon  
  97  14:28  Pylon  
  98  14:37  Probe (Chrono Boost)  
  99  14:41  Cybernetics Core  
  99  14:47  Oracle  
  99  14:48  Carrier, Probe (Chrono Boost)  
  109  14:54  Pylon  
  109  14:59  Probe (Chrono Boost)  
  97  16:09  Pylon  
  97  16:11  Pylon  
  97  16:13  Pylon  
  97  16:15  Pylon  
  97  16:30  Carrier x2  
  109  16:35  Probe (Chrono Boost)  
  110  16:40  Pylon  
  110  16:41  Pylon  
  110  16:43  Pylon  
  110  16:45  Pylon  
  110  16:46  Probe (Chrono Boost)  
Tags
 
Add a new tag
Caveats
  • Supply blocks, unpowered buildings, or Contaminate may cause inaccurate times.
  • Supply counts are checked every 10 seconds.